 Dungeon Crawl Stone Soup version 0.31-a0-865-g3d5d91748a (webtiles) character file.

Game seed: 1606991430152345708

540 bobo the Slasher (level 7, 0/90 HPs)
             Began as a Gnoll Chaos Knight on Oct 10, 2023.
             Was a Plaything of Xom.
             Slain by a jelly (2 damage)
             ... on level 4 of the Dungeon.
             The game lasted 00:10:30 (3593 turns).

bobo the Slasher (Gnoll Chaos Knight)               Turns: 3593, Time: 00:10:31

Health: 0/90       AC: 11    Str: 11      XL:     7   Next: 26%
Magic:  9/10       EV:  2    Int: 11      God:    Xom [......]
Gold:   263        SH:  0    Dex: 13 (14) Spells: 10/10 levels left

rFire   + . .        a - +0 falchion (chaos)
rCold   . . .        (no shield)
rNeg    . . .        b - melded +2 leather armour
rPois   +            l - melded +2 hat
rElec   .            (cloak currently unavailable)
rCorr   .            g - melded +2 pair of gloves {infuse}
SInv    .            o - melded +0 pair of boots
Will    .....        d - amulet "Okood" {RegenMP rF+}
Stlth   ++           r - ring of wizardry
HPRegen 0.35/turn    (no ring)
MPRegen 0.52/turn

%: wizardry (x1)
@: tree-form, corroded, hasted, invisible, very quick
A: stationary, stasis, torment immunity, boosted hp, (fangs 1), strong nose,
distributed training, mutation resistance 1, (poison resistance)
a: Renounce Religion


You were on level 4 of the Dungeon.
You worshipped Xom.
You were a very special plaything of Xom.
You were a tree.
You visited 1 branch of the dungeon, and saw 4 of its levels.

You collected 263 gold pieces.

Inventory:

Hand Weapons
 a - a +0 falchion of chaos (weapon)
 h - the +7 long sword of Propriety {antimagic, Dex+3}
   (You found it on level 4 of the Dungeon)

   Dex+3:     It affects your dexterity (+3).
 i - a +0 dagger of holy wrath
Missiles
 j - a throwing net
Armour
 b - a +2 leather armour (melded)
 g - a +2 pair of gloves of infusion (melded)
 l - a +2 hat (melded)
 o - a +0 pair of boots (melded)
 p - a +0 kite shield
 t - the +1 robe of Dawn {Rampage rC+}
   (You found it on level 4 of the Dungeon)

   rC+:       It protects you from cold.
   Rampage:   It bestows one free step when moving towards enemies.
Jewellery
 d - the amulet "Okood" (around neck) {RegenMP rF+}
   (You found it on level 4 of the Dungeon)

   [amulet of magic regeneration]

   RegenMP:   It increases your rate of magic regeneration.
   rF+:       It protects you from fire.
 r - a ring of wizardry (left branch)
Scrolls
 c - a scroll of butterflies
 e - 3 scrolls of teleportation
 n - a scroll of blinking {unknown}
 q - a scroll of fog {unknown}
Potions
 f - 2 potions of curing
 m - 3 potions of invisibility


   Skills:
 + Level 7.0 Fighting
 + Level 2.4 Short Blades
 + Level 7.0 Long Blades
 + Level 2.4 Axes
 + Level 2.4 Maces & Flails
 + Level 2.4 Polearms
 + Level 2.4 Staves
 + Level 2.4 Ranged Weapons
 + Level 2.4 Throwing
 + Level 5.2 Armour
 + Level 3.6 Dodging
 + Level 2.4 Stealth
 + Level 2.4 Shields
 + Level 2.4 Unarmed Combat
 + Level 2.4 Spellcasting
 + Level 2.0 Conjurations
 + Level 2.0 Hexes
 + Level 2.0 Summonings
 + Level 2.0 Necromancy
 + Level 2.0 Translocations
 + Level 2.0 Transmutations
 + Level 2.0 Fire Magic
 + Level 2.0 Ice Magic
 + Level 2.0 Air Magic
 + Level 2.0 Earth Magic
 + Level 2.0 Poison Magic
 + Level 2.7 Invocations
 + Level 2.4 Evocations
 + Level 2.2 Shapeshifting


You had 10 spell levels left.
You didn't know any spells.
Your spell library contained the following spells:

 Spells                   Type           Power      Damage    Failure   Level
 Foxfire                  Conj/Fire      20%        2x1d5     4%          1
 Sting                    Tmut/Pois      20%        1d4       4%          1
 Ensorcelled Hibernation  Hex/Ice        10%        N/A       8%          2
 Passwall                 Tmut/Erth      4%         N/A       8%          2
 Poisonous Vapours        Pois/Air       10%        N/A       8%          2
 Gell's Gravitas          Tloc           5%         N/A       16%         3
 Swiftness                Air            5%         N/A       16%         3
 Teleport Other           Tloc           5%         N/A       16%         3
 Olgreb's Toxic Radiance  Pois           5%         N/A       43%         4
 Dispersal                Tloc           2%         N/A       99%         6


Dungeon Overview and Level Annotations

Branches:
Dungeon (4/15)
 Temple: D:4-7

Altars:
Xom

Shops:
D:1 [


Innate Abilities, Weirdness & Mutations

You are a tree.
Your roots penetrate the ground, keeping you stationary.
You cannot be teleported.
You are immune to unholy pain and torment.
Your maximum health is greatly increased.
Your equipment is partially melded.
((You have very sharp teeth.))
Your uncanny sense of smell can sniff out nearby items.
Your experience applies equally to all skills.
You are somewhat resistant to further mutation.
((Your system is resistant to poisons. (rPois)))


Message History

Okay, then.
It was a potion of invisibility.
You fade into invisibility!
Xom thinks this is hilarious!
The jelly barely misses you.
It was a potion of haste.
You feel yourself speed up.
Xom thinks this is hilarious!
The jelly closely misses you.
It was a potion of lignification.
You turn into a tree.
Your +2 hat melds into your body.
Your +2 pair of gloves of infusion melds into your body.
Your +0 pair of boots melds into your body.
Your +2 leather armour melds into your body.
You feel magic leave your hands.
Your roots penetrate the ground.
The jelly barely misses you.
You hit the jelly but do no damage.
Your branches burn!
* * * LOW HITPOINT WARNING * * *
The jelly is severely wounded.
You hit the jelly but do no damage.
Your branches burn!
* * * LOW HITPOINT WARNING * * *
The jelly is severely wounded.
The jelly hits you but does no damage.
You hit the jelly but do no damage.
The jelly seems to grow stronger.
Your branches burn!
* * * LOW HITPOINT WARNING * * *
The jelly is severely wounded.
The jelly barely misses you.
You hit the jelly but do no damage.
Your branches burn!
* * * LOW HITPOINT WARNING * * *
The jelly is severely wounded.
You hit the jelly but do no damage.
The jelly resists with some effort.
Your branches burn!
* * * LOW HITPOINT WARNING * * *
The jelly is severely wounded.
The jelly barely misses you.
You hit the jelly but do no damage.
Your branches burn!
* * * LOW HITPOINT WARNING * * *
The jelly is severely wounded.
The jelly hits you.
You die...

......##.##.##.##.##.##
##.###.#
.......###...###...###
###∆..#
....^#..#.....#... ###
.######.'........> ##
###.....#. ###...###
##.##.##.## ##
.##...#'#...###...#.
.'.....'....♣'......
.##...###...#J#...##
##.# ##.##J## ## # ∆ ##
###...## ## #.....# .#
+.....' .## #.....#.
..### ###...###. ≈≈≈≈≈
##.##.# .##


You could see 2 jellies.

Vanquished Creatures
  A black bear (D:4)
  An ogre (D:3)
  A howler monkey (D:4)
  2 jellies (D:4)
  An orc priest (D:3)
  An orc wizard (D:3)
  5 gnolls
  An adder (D:2)
  An ufetubus (D:4)
  2 dart slugs
  2 orcs (D:3)
  An endoplasm (D:2)
  4 giant cockroaches
  6 hobgoblins
  5 quokkas
  8 ball pythons
  4 bats
  A frilled lizard (D:1)
  3 goblins
  10 kobolds
  4 rats
64 creatures vanquished.

Vanquished Creatures (collateral kills)
  A phantom (D:4)
  2 adders (D:4)
  2 bats (D:1)
  A kobold (D:4)
6 creatures vanquished.

Grand Total: 70 creatures vanquished

Notes
Turn   | Place    | Note
-------+----------+-------------------------------------------
     0 | D:1      | bobo the Gnoll Chaos Knight began the quest for the Orb.
     0 | D:1      | Reached XP level 1. HP: 23/23 MP: 1/1
    68 | D:1      | XOM: divination: detect creatures
    94 | D:1      | XOM: swap monsters
   100 | D:1      | Reached XP level 2. HP: 29/29 MP: 2/2
   208 | D:1      | Found Lovibenn's Antique Armour Emporium.
   235 | D:1      | Upgraded the game from 0.31-a0-859-g9dce7d3444 to
                  | 0.31-a0-865-g3d5d91748a
   357 | D:1      | XOM: give mutations
   357 | D:1      | Gained mutation: Your system is resistant to poisons.
                  | (rPois) [Xom's mischief]
   357 | D:1      | Gained mutation: Your mind is acute. (Int +4, Str/Dex -1)
                  | [Xom's mischief]
   430 | D:1      | Reached XP level 3. HP: 34/35 MP: 1/3
   494 | D:1      | XOM: summons 2 hostile demons
   582 | D:1      | XOM: stat loss: -1 Str (9/10)
   936 | D:2      | XOM: 4-stop teleportation journey
   983 | D:2      | Reached skill level 1 in Invocations
   988 | D:2      | XOM: 1-stop teleportation journey
   999 | D:2      | Found a faded altar of an unknown god.
  1017 | D:2      | Got an exquisite book
  1065 | D:2      | XOM: noise
  1288 | D:2      | Reached skill level 1 in Short Blades
  1288 | D:2      | Reached skill level 1 in Axes
  1288 | D:2      | Reached skill level 1 in Maces & Flails
  1288 | D:2      | Reached skill level 1 in Polearms
  1288 | D:2      | Reached skill level 1 in Staves
  1288 | D:2      | Reached skill level 1 in Ranged Weapons
  1288 | D:2      | Reached skill level 1 in Throwing
  1288 | D:2      | Reached skill level 1 in Stealth
  1288 | D:2      | Reached skill level 1 in Shields
  1288 | D:2      | Reached skill level 1 in Unarmed Combat
  1288 | D:2      | Reached skill level 1 in Spellcasting
  1288 | D:2      | Reached skill level 1 in Evocations
  1349 | D:2      | Reached skill level 1 in Shapeshifting
  1349 | D:2      | Reached XP level 4. HP: 33/41 MP: 0/5
  1529 | D:2      | XOM: scenery: create altars
  2053 | D:3      | Reached skill level 1 in Conjurations
  2053 | D:3      | Reached skill level 1 in Hexes
  2053 | D:3      | Reached skill level 1 in Summonings
  2053 | D:3      | Reached skill level 1 in Necromancy
  2053 | D:3      | Reached skill level 1 in Translocations
  2053 | D:3      | Reached skill level 1 in Transmutations
  2053 | D:3      | Reached skill level 1 in Fire Magic
  2053 | D:3      | Reached skill level 1 in Ice Magic
  2053 | D:3      | Reached skill level 1 in Air Magic
  2053 | D:3      | Reached skill level 1 in Earth Magic
  2053 | D:3      | Reached skill level 1 in Poison Magic
  2063 | D:3      | Reached XP level 5. HP: 46/47 MP: 0/7
  2269 | D:3      | XOM: 2-stop teleportation journey
  2357 | D:3      | XOM: 7-stop teleportation journey
  2425 | D:3      | Noticed an ogre
  2609 | D:3      | XOM: give mutations
  2609 | D:3      | Gained mutation: You are somewhat resistant to further
                  | mutation. [Xom's mischief]
  2609 | D:3      | Lost mutation: Your mind is acute. (Int +4, Str/Dex -1)
                  | [Xom's mischief]
  2613 | D:3      | HP: 1/47 [ogre/+0 giant club (17)]
  2614 | D:3      | Killed an ogre
  2920 | D:4      | Identified the amulet "Okood" {RegenMP rF+}
  2928 | D:4      | Noticed a black bear
  2939 | D:4      | XOM: noise
  2942 | D:4      | Killed a black bear
  2943 | D:4      | Reached skill level 5 in Armour
  2943 | D:4      | Reached XP level 6. HP: 32/53 MP: 4/9
  2965 | D:4      | XOM: enchant monster (bad)
  3080 | D:4      | XOM: 1-stop teleportation journey
  3201 | D:4      | XOM: summons 2 friendly demons
  3208 | D:4      | Reached XP level 7. HP: 60/60 MP: 10/10
  3260 | D:4      | Identified the +7 long sword of Propriety {antimagic,
                  | Dex+3}
  3304 | D:4      | XOM: summons 1 hostile demon
  3390 | D:4      | XOM: 3-stop teleportation journey
  3480 | D:4      | Identified the +1 robe of Dawn {Rampage rC+}
  3592 | D:4      | HP: 2/90 [acid (3)]
  3593 | D:4      | Slain by a jelly

Illustrated notes

Levels and vault maps discovered:
D:1:      dpeg_arrival_rooms_a, layout_basic, serial_shops,
          nicolae_shop_just_a_little_nook, nicolae_grassy_gnolls
D:2:      layout_basic, shapermc_ecumenical_altar_rom_forum
D:3:      layout_basic
D:4:      layout_cave_pods, nicolae_overflow_two_pavilions,
          chequers_serial_rivers_large_a, nicolae_hexahallways

Skill      XL: |  1  2  3  4  5  6  7 |
---------------+----------------------+-----
Invocations    | 1 2 |  2.7
Short Blades   | 1 2 |  2.4
Axes           | 1 2 |  2.4
Maces & Flails | 1 2 |  2.4
Polearms       | 1 2 |  2.4
Staves         | 1 2 |  2.4
Ranged Weapons | 1 2 |  2.4
Throwing       | 1 2 |  2.4
Stealth        | 1 2 |  2.4
Shields        | 1 2 |  2.4
Unarmed Combat | 1 2 |  2.4
Spellcasting   | 1 2 |  2.4
Evocations     | 1 2 |  2.4
Shapeshifting  | 1 2 |  2.2
Conjurations   | 1 2 |  2.0
Hexes          | 1 2 |  2.0
Summonings     | 1 2 |  2.0
Necromancy     | 1 2 |  2.0
Translocations | 1 2 |  2.0
Transmutations | 1 2 |  2.0
Fire Magic     | 1 2 |  2.0
Ice Magic      | 1 2 |  2.0
Air Magic      | 1 2 |  2.0
Earth Magic    | 1 2 |  2.0
Poison Magic   | 1 2 |  2.0
Dodging        | 3 |  3.6
Armour         | 5 |  5.2
Fighting       | 7 |  7.0
Long Blades    | 7 |  7.0

Action                     |  1- 3 |  4- 6 |  7- 9 || total
---------------------------+-------+-------+-------++-------
  Melee: Falchion          |    99 |   109 |    25 ||   233
         Bite              |     5 |     7 |     4 ||    16
         Punch             |       |     1 |     1 ||     2
         Dagger            |       |       |    10 ||    10
    Use: Scroll            |       |     4 |       ||     4
         Potion            |       |       |     3 ||     3
   Stab: Sleeping          |     3 |       |     1 ||     4
         Paralysed         |       |     1 |       ||     1
 Armour: Leather armour    |    59 |    72 |    29 ||   160
         Skin              |       |       |     2 ||     2
  Dodge: Dodged            |    66 |    72 |    36 ||   174
  Block: Kite shield       |       |     2 |       ||     2

Table legend: (Time is in decaauts)
 A = Elapsed time spent in this place.
 B = Non-inter-level travel time spent in this place.
 C = Inter-level travel time spent in this place.
 D = Time resting spent in this place.
 E = Time spent auto-exploring this place.
 F = Levels seen in this place.
 G = Mean time per level.
                   A        B        C        D        E       F      G
               +--------+--------+--------+--------+--------+-----+--------+
         Total |   3585 |   3443 |    142 |      0 |   2743 |   4 |  896.2 |
       Dungeon |   3585 |   3443 |    142 |      0 |   2743 |   4 |  896.2 |
               +--------+--------+--------+--------+--------+-----+--------+

Top non-repeatable levels by time:
     D:3: 1216 daAuts
     D:2: 901 daAuts
     D:1: 797 daAuts
     D:4: 670 daAuts
